 Dungeon Crawl Stone Soup version 0.30-a0-591-g3c58d2bc28 (webtiles) character file.

Game seed: 10555566708988860371

2 Crownlay the Chucker (level 1, -1/20 HPs)
             Began as a Gnoll Wanderer on Jan 5, 2023.
             Slain by a kobold
             ... wielding a +0 club
              (2 damage)
             ... on level 1 of the Dungeon.
             The game lasted 00:00:11 (102 turns).

Crownlay the Chucker (Gnoll Wanderer)                Turns: 102, Time: 00:00:11

Health: -1/20      AC:  2    Str: 10    XL:     1   Next: 30%
Magic:  4/4        EV: 11    Int: 15    God:
Gold:   0          SH:  0    Dex:  8    Spells: 4/5 levels left

rFire   . . .      SeeInvis .    a - +0 dagger
rCold   . . .      Faith    .    (no shield)
rNeg    . . .      Spirit   .    e - +0 robe
rPois   .          Reflect  .    (no helmet)
rElec   .          Harm     .    (no cloak)
rCorr   .          Rampage  .    (no gloves)
Will    .....                    (no boots)
Stlth   ++                       (no amulet)
HPRegen 0.23/turn                (no ring)
MPRegen 0.09/turn                (no ring)

@: no status effects
A: fangs 1, strong nose, distributed training
a: no special abilities


You were on level 1 of the Dungeon.
You visited 1 branch of the dungeon, and saw 1 of its levels.

Inventory:

Hand Weapons
 a - a +0 dagger (weapon)
Missiles
 b - 10 poisoned darts (quivered)
Armour
 e - a +0 robe (worn)
Scrolls
 c - a scroll of teleportation
Potions
 d - a potion of might


   Skills:
 + Level 4.4 Fighting
 + Level 0.0 Short Blades
 + Level 0.0 Long Blades
 + Level 0.0 Axes
 + Level 0.0 Maces & Flails
 + Level 0.0 Polearms
 + Level 0.0 Staves
 + Level 0.0 Ranged Weapons
 + Level 6.4 Throwing
 + Level 2.3 Armour
 + Level 0.0 Dodging
 + Level 2.1 Stealth
 + Level 0.0 Shields
 + Level 0.0 Unarmed Combat
 + Level 2.6 Spellcasting
 + Level 0.0 Conjurations
 + Level 3.6 Hexes
 + Level 0.0 Summonings
 + Level 0.0 Necromancy
 + Level 0.0 Translocations
 + Level 0.0 Transmutations
 + Level 0.0 Fire Magic
 + Level 0.0 Ice Magic
 + Level 0.0 Air Magic
 + Level 0.0 Earth Magic
 + Level 0.0 Poison Magic
 + Level 0.1 Invocations
 + Level 0.0 Evocations


You had 4 spell levels left.
You knew the following spells:

 Your Spells              Type           Power      Damage    Failure   Level
a - Slow                  Hex            48%        N/A       4%          1

Your spell library contained the following spells:

 Spells                   Type           Power      Damage    Failure   Level
 Tukima's Dance           Hex            12%        N/A       14%         3
 Cause Fear               Hex            6%         N/A       43%         4


Dungeon Overview and Level Annotations

Branches:
Dungeon (1/15)

Altars:


Innate Abilities, Weirdness & Mutations

You have very sharp teeth.
Your uncanny sense of smell can sniff out nearby items.
Your experience applies equally to all skills.


Message History

You closely miss the quokka. The bat closely misses you.
The kobold barely misses you. The quokka bites you.
You hit the quokka but do no damage. The kobold hits you but does no damage.
The quokka bites you but does no damage.
The bat hits you but does no damage.
You barely miss the quokka. The bat hits you. The quokka closely misses you.
The kobold hits you with a +0 club.
You hit the quokka.
The quokka is moderately wounded.
The bat closely misses you.
The quokka bites you but does no damage.
The kobold hits you with a +0 club. The quokka bites you.
You are too injured to fight recklessly!
You are too injured to fight recklessly!
You are too injured to fight recklessly!
You are too injured to fight recklessly!
You are too injured to fight recklessly!
You hit the quokka.
The quokka is almost dead.
The bat closely misses you. The kobold closely misses you.
The quokka bites you.
* * * LOW HITPOINT WARNING * * *
The bat misses you.
You closely miss the quokka.
The quokka is almost dead.
The bat closely misses you. The kobold barely misses you. The quokka bites you.
* * * LOW HITPOINT WARNING * * *
You miss the quokka.
The quokka is almost dead.
The bat closely misses you. The kobold closely misses you.
The quokka closely misses you. The bat hits you.
* * * LOW HITPOINT WARNING * * *
You completely miss the quokka.
The quokka is almost dead.
The bat misses you. The quokka misses you. The kobold closely misses you.
You hit the quokka but do no damage. Your bite misses the quokka.
The quokka is almost dead.
The bat barely misses you. The quokka closely misses you.
The kobold hits you with a +0 club.
You die...

### ..# ########### .
...# #.........# ..
...######......##.#
.>................##.#
.(†. #.............#.###
.....#..................
......r@....######.#.###
......Kb$........#.#....
.....#...........#.#.###
##.. #.###.......#.#.#
... ## +.......#.### ..
#.......#.# .
+.......'.# #.......###
#.......#


You could see a quokka, a bat and a kobold.

Vanquished Creatures
  A hobgoblin (D:1)
  A rat (D:1)
2 creatures vanquished.

Notes
Turn   | Place    | Note
-------+----------+-------------------------------------------
     0 | D:1      | Crownlay the Gnoll Wanderer began the quest for the Orb.
     0 | D:1      | Crownlay set off with the following items: a +0 dagger, 11
                  | poisoned darts, a scroll of teleportation, a potion of
                  | might, a +0 robe; and the following spell memorised: Slow;
                  | and the following spells available to memorise: Tukima's
                  | Dance, Cause Fear.
     0 | D:1      | Reached XP level 1. HP: 20/20 MP: 4/4
    99 | D:1      | HP: 1/20 [quokka (4)]
   102 | D:1      | Slain by a kobold

Illustrated notes

Levels and vault maps discovered:
D:1:      amcnicky_arrival_wind_blow, layout_basic,
          hellmonk_ecumenical_altar_the_god_not_taken, st_stairs_5

Action                   || total
-------------------------++-------
Melee: Dagger            ||    19
       Bite              ||     1
Throw: Dart              ||     1
Armor: Robe              ||    10
Dodge: Dodged            ||    31

Table legend: (Time is in decaauts)
 A = Elapsed time spent in this place.
 B = Non-inter-level travel time spent in this place.
 C = Inter-level travel time spent in this place.
 D = Time resting spent in this place.
 E = Time spent auto-exploring this place.
 F = Levels seen in this place.
 G = Mean time per level.
                   A        B        C        D        E       F      G
               +--------+--------+--------+--------+--------+-----+--------+
         Total |    101 |    101 |      0 |      0 |     79 |   1 |  101.0 |
       Dungeon |    101 |    101 |      0 |      0 |     79 |   1 |  101.0 |
               +--------+--------+--------+--------+--------+-----+--------+

Top non-repeatable levels by time:
     D:1: 101 daAuts
